 Dungeon Crawl Stone Soup version 0.30-a0-782-ge64f9170bb (console) character file.

Game seed: 8048118589120886757

42 utis the Grave Robber (level 3, 0/20 HPs)
             Began as a Tengu Wanderer on Mar 15, 2023.
             Slain by a hobgoblin (3 damage)
             ... on level 3 of the Dungeon.
             The game lasted 00:05:48 (1406 turns).

utis the Grave Robber (Tengu Wanderer)              Turns: 1406, Time: 00:05:48

Health: 0/20       AC:  6    Str: 11    XL:     3   Next: 54%
Magic:  3/7        EV: 11    Int: 13    God:
Gold:   4          SH:  0    Dex: 15    Spells: 3/6 levels left

rFire   . . .      SeeInvis .    a - +0 mace
rCold   . . .      Faith    .    (no shield)
rNeg    . . .      Spirit   .    m - +3 leather armour of Abstinence {*Slow rElec Stlth+}
rPois   .          Reflect  .    (helmet restricted)
rElec   +          Harm     .    (no cloak)
rCorr   .          Rampage  .    (no gloves)
Will    .....                    (boots unavailable)
Stlth   ++                       (no amulet)
HPRegen 0.23/turn                (no ring)
MPRegen 0.10/turn                (no ring)

@: very slightly contaminated
A: beak, talons 3
a: no special abilities


You were on level 3 of the Dungeon.
You visited 1 branch of the dungeon, and saw 4 of its levels.

You collected 28 gold pieces.
You spent 24 gold pieces at shops.

Inventory:

Hand Weapons
 a - a +0 mace (weapon)
 c - a +0 dagger
 f - a +0 whip
 g - a +0 spear
Missiles
 b - 6 boomerangs
Armour
 e - a +0 robe
 h - a +0 ring mail
 i - a +0 scale mail
 m - the +3 leather armour of Abstinence (worn) {*Slow rElec Stlth+}
   (You found it on level 4 of the Dungeon)

   rElec:     It insulates you from electricity.
   *Slow:     It may slow you when you take damage.
   Stlth:     It makes you more stealthy.
Magical Staves
 l - a staff of fire
Scrolls
 d - 2 scrolls of butterflies
 j - 2 scrolls of fear {unknown}
Potions
 k - a potion of attraction


   Skills:
 + Level 1.2 Fighting
 - Level 2.1 Maces & Flails
 - Level 2.0 Throwing
 - Level 1.1 Armour
 + Level 1.4 Dodging
 - Level 1.0 Stealth
 - Level 2.0 Spellcasting
 * Level 3.3 Necromancy


You had 3 spell levels left.
You knew the following spells:

 Your Spells              Type           Power      Damage    Failure   Level
X - Cigotuvi's Dreadful   Necr/Pois/Air  8%         N/A       32%         2
Y - Necrotise             Necr           40%        1d6       9%          1

Your spell library contained the following spells:

 Spells                   Type           Power      Damage    Failure   Level
 Ensorcelled Hibernation  Hex/Ice        2%         N/A       45%         2
 Spider Form              Tmut/Pois      1%         N/A       69%         3
 Anguish                  Hex/Necr       2%         N/A       86%         4


Dungeon Overview and Level Annotations

Branches:
Dungeon (4/15)
 Temple: D:4-7

Altars:
Ashenzari

Shops:
D:1 ?

Annotations:
D:3 Ijyb, Robin


Innate Abilities, Weirdness & Mutations

You have a beak for a mouth.
You have claws for feet.


Message History

Your goblin skeleton hits Ijyb but does no damage.
Ijyb hits your goblin skeleton with a +0 dagger.
Your goblin skeleton hits Ijyb but does no damage.
Ijyb zaps a wand.
The puff of flame hits your goblin skeleton!
Your goblin skeleton is destroyed!
Ijyb struggles to resist.
Ijyb writhes in agony.
Ijyb hits you with a +0 dagger.
Ijyb writhes in agony.
Ijyb zaps a wand.
The puff of flame hits you!
You miscast Necrotise.
You are very lightly contaminated with residual magic.
Nothing appears to happen.
* * * LOW MAGIC WARNING * * *
Ijyb hits you with a +0 dagger.
* * * LOW HITPOINT WARNING * * *
Robin roars a battlecry!
The goblins go into a battle-frenzy!
You are too injured to fight recklessly!
You are too injured to fight recklessly!
You are too injured to fight recklessly!
You hit Ijyb. Your peck misses Ijyb.
Ijyb is heavily wounded.
The hobgoblin hits you but does no damage.
Ijyb hits you but does no damage. Robin hits you but does no damage.
You hit the hobgoblin.
You kill the hobgoblin!
Ijyb closely misses you. The hobgoblin barely misses you.
Robin hits you from afar with a +0 spear.
* * * LOW HITPOINT WARNING * * *
You barely miss Ijyb. You claw Ijyb.
Ijyb is severely wounded.
Ijyb hits you with a +0 dagger.
* * * LOW HITPOINT WARNING * * *
The hobgoblin closely misses you.
Robin roars a battlecry!
The hobgoblin goes into a battle-frenzy!
You completely miss Ijyb. Your kick misses Ijyb. You punch Ijyb.
Ijyb is severely wounded.
Ijyb barely misses you. Robin closely misses you. The hobgoblin hits you.
You die...

...gg.g.░░.░ ..▒▒....8▒
.......g.░.░░..▒▒..._..▒▒▒
.w...gg.......▒▒......8▒.▒▒
........░░.░░.▒€......▒▒..▒
..............+...▒▒▒▒▒..>▒
░>░░?...▒ .▒▒.......▒
░g░░....▒▒ ▒8......▒▒
░ggwgg...▒ ▒.._...▒▒
░░░░Q.░...▒▒8....▒▒
░.....⌠.▒▒...▒▒
░░░......▒▒▒▒▒ ░..... ...░░
░.░ .░ .


You could see Ijyb (strong), Robin, a dart slug and 3 hobgoblins.

Vanquished Creatures
  2 adders
  2 dart slugs (D:1)
  2 giant cockroaches
  3 goblins
  2 hobgoblins
  2 kobolds (D:1)
  A quokka (D:2)
  2 ball pythons (D:1)
  3 bats (D:1)
  A frilled lizard (D:2)
  A rat (D:1)
21 creatures vanquished.

Notes
Turn   | Place    | Note
-------+----------+-------------------------------------------
     0 | D:1      | utis the Tengu Wanderer began the quest for the Orb.
     0 | D:1      | utis set off with the following items: a +0 mace, 6
                  | boomerangs, a +0 dagger, a scroll of butterflies, a +0
                  | robe; and the following spell memorised: Necrotise; and the
                  | following spells available to memorise: Cigotuvi's Dreadful
                  | Rot, Anguish.
     0 | D:1      | Reached XP level 1. HP: 10/10 MP: 4/4
   155 | D:1      | Reached XP level 2. HP: 16/16 MP: 1/6
   252 | D:1      | Found Lyhytria's Magic Scroll Shop.
   722 | D:1      | Reached skill level 1 in Dodging
   930 | D:1      | Learned a level 2 spell: Cigotuvi's Dreadful Rot
  1056 | D:2      | Found a faded altar of an unknown god.
  1069 | D:1      | Bought a scroll of identify for 24 gold pieces
  1092 | D:2      | Reached skill level 1 in Fighting
  1092 | D:2      | Reached skill level 3 in Necromancy
  1092 | D:2      | Reached XP level 3. HP: 20/20 MP: 0/7
  1247 | D:2      | You fall into a shaft and drop 2 floors!
  1251 | D:4      | Identified the +3 leather armour of Abstinence {*Slow rElec
                  | Stlth+}
  1333 | D:3      | Found a broken altar of Ashenzari.
  1335 | D:3      | Found a faded altar of an unknown god.
  1369 | D:4      | Noticed a two-headed ogre
  1384 | D:3      | Noticed Robin
  1384 | D:3      | Noticed Ijyb
  1406 | D:3      | Slain by a hobgoblin

Illustrated notes

Levels and vault maps discovered:
D:1:      wander_arrival_fairy_ring, layout_loops_ring, serial_shops,
          nicolae_shop_crystal
D:2:      layout_basic, serial_shops, shop, nicolae_ecumenical_pavilion,
          nicolae_hexahallways
D:3:      layout_loops_cross, lemuel_crystal_altar, kennysheep_okawaru_gauntlet,
          vehumet_statue, nicolae_uskayaw_dance_hall,
          nicolae_overflow_ecumenical_swirl, nicolae_goblin_pals, uniq_jessica
D:4:      layout_loops_ring, gammafunk_ghost_gnarly_gnolls, serial_shops, shop,
          minmay_misc_feat_secret_circle, minmay_misc_feat_iff

Skill      XL: |  1  2 |
---------------+-------+-----
Dodging        | 1 |  1.4
Fighting       | 1 |  1.2
Necromancy     | 3 |  3.3
Maces & Flails | |  2.1
Throwing       | |  2.0
Armour         | |  1.1
Stealth        | |  1.0
Spellcasting   | |  2.0

Action                     || total
---------------------------++-------
  Melee: Mace              ||    18
         Peck              ||     3
         Punch             ||     2
         Kick              ||     3
  Throw: Boomerang         ||     1
   Cast: Necrotise         ||    44
    Use: Scroll            ||     1
   Stab: Sleeping          ||     1
 Armour: Robe              ||     1
         Ring mail         ||     6
         Leather armour    ||     5
  Dodge: Dodged            ||    19

Table legend: (Time is in decaauts)
 A = Elapsed time spent in this place.
 B = Non-inter-level travel time spent in this place.
 C = Inter-level travel time spent in this place.
 D = Time resting spent in this place.
 E = Time spent auto-exploring this place.
 F = Levels seen in this place.
 G = Mean time per level.
                   A        B        C        D        E       F      G
               +--------+--------+--------+--------+--------+-----+--------+
         Total |   1411 |   1344 |     67 |    339 |    686 |   4 |  352.8 |
       Dungeon |   1411 |   1344 |     67 |    339 |    686 |   4 |  352.8 |
               +--------+--------+--------+--------+--------+-----+--------+

Top non-repeatable levels by time:
     D:1: 1080 daAuts
     D:2: 171 daAuts
     D:4: 121 daAuts
     D:3: 38 daAuts
